 Dungeon Crawl Stone Soup version bcrawl-1.27.3 (webtiles) character file.

Game seed: 13898669816845731758

134283 MisterOstroum the Charmwright (level 3, -6/22 HPs)
             Began as a Vine Stalker Skald on Oct 12, 2020.
             Mangled by an orc
             ... wielding a +2 dagger of electrocution
              (19 damage)
             ... on level 2 of the Dungeon.
             The game lasted 00:01:41 (903 turns).

MisterOstroum the Charmwright (Vine Stalker Skald)   Turns: 903, Time: 00:01:41

Health: -6/22      AC:  3    Str: 14    XL:     3   Next: 50%
Magic:  5/7        EV: 12    Int: 13    God:
Gold:   53         SH:  0    Dex: 13    Spells: 5/6 levels left

rFire    . . .     SeeInvis .   a - +0 spear
rCold    . . .     Gourm    .   (no shield)
rNeg     . . .     Faith    .   b - +0 leather armour
rPois    .         Spirit   .   (no helmet)
rElec    .         Reflect  .   (no cloak)
rCorr    .         Harm     .   (no gloves)
MR       .....                  (no boots)
Stlth    +.........             (no amulet)
HPRegen  0.47/turn              (no ring)
MPRegen  0.10/turn              (no ring)

@: infused, very slightly contaminated
A: fangs 2, regeneration 1, no potion heal 3, rot immunity, strong jaws
a: no special abilities


You were on level 2 of the Dungeon.
You were hungry.

You visited 1 branch of the dungeon, and saw 2 of its levels.

You collected 53 gold pieces.

Inventory:

Hand Weapons
 a - a +0 spear (weapon)
 f - a +0 hunting sling
 h - a +0 dagger of pain
Missiles
 c - 418 stones (quivered)
 j - 174 sling bullets
Armour
 b - a +0 leather armour (worn)
Scrolls
 d - a scroll of fear {!r}
 i - a scroll of identify {@r1}
 k - a scroll of noise {unknown}
 m - a scroll of fog {unknown}
 n - a scroll of magic mapping {unknown}
 p - a scroll of remove curse {unknown}
 r - a scroll of teleportation {unknown}
Potions
 l - a potion of lignification {@q6}
 o - a potion of flight
 q - a potion of mutation
Comestibles
 e - a ration {!d}
 g - a chunk of flesh


   Skills:
 * Level 2.4 Fighting
 * Level 2.4 Polearms
 - Level 0.7 Armour
 - Level 2.0 Dodging
 + Level 2.4 Spellcasting
 + Level 3.2 Charms


You had 5 spell levels left.
You knew the following spells:

 Your Spells              Type           Power        Failure   Level  Hunger
a - Infusion              Chrm           ##......     9%          1    None

Your spell library contained the following spells:

 Spells                   Type           Power        Failure   Level  Hunger
 Song of Slaying          Chrm           ##......     12%         2    ##.....
 Ozocubu's Armour         Chrm/Ice       #.......     43%         3    ####...
 Regeneration             Chrm/Necr      #.........   43%         3    ####...
 Spectral Weapon          Hex/Chrm       #.......     43%         3    ####...


Dungeon Overview and Level Annotations

Branches:
Dungeon (2/12)

Altars:


Innate Abilities, Weirdness & Mutations

You have extremely sharp teeth.
Your natural rate of healing is unusually fast.
Potions cannot restore your health.
You are immune to rotting.
Your bites deal extra damage.


Message History

A rat comes into view.
(D) Dungeon
Where to? (? - help)
A rat is nearby!
Unknown command.
Attack whom?
Press: ? - help, Dir - move target cursor, f - rat
Aim: a rat You reach to attack!
You closely miss the rat. The bat hits you. The bat closely misses you.
You hit the bat.
The bat is severely wounded.
The bat hits you but does no damage.
You hit the rat but do no damage. The rat barely misses you.
You hit the rat but do no damage. The rat bites you.
You hit the rat.
You kill the rat!
The bat closely misses you.
Attack whom?
Press: ? - help, Dir - move target cursor, f - bat
Aim: a bat (severely wounded)
You reach to attack!
You completely miss the bat.
The bat is severely wounded.
The bat misses you. The bat closely misses you.
You barely miss the bat. Your bite misses the bat.
The bat is severely wounded.
The bat barely misses you. The bat hits you but does no damage.
Attack whom?
Press: ? - help, Dir - move target cursor, f/p - bat
Aim: a bat (moderately wounded)
You reach to attack!
You puncture the bat!
You kill the bat!
You butcher the rat corpse.
g - 4 chunks of flesh (gained 1)
You see here a rat skeleton. x2
You see here a rat skeleton.
Some of the chunks of flesh in your inventory have rotted away.
Partly explored, can't reach some items and places.
No target in view!
Partly explored, can't reach some items and places.
(D) Dungeon
Where to? (Enter - D:2, ? - help)
There is a stone staircase leading down here.
You climb downwards.
There is a stone staircase leading up here.
A goblin comes into view. It is wielding a +0 club.
The goblin shouts!
You hear a shout! x2
The goblin moves out of view.
No target in view!
The goblin is too close now for your liking.
A goblin is nearby!
A goblin is nearby!
A kobold and 2 orcs come into view.
An orc is wielding a +2 dagger of electrocution.
The kobold shouts!
The orc shouts! x2
The goblin closely misses you.
You hit the goblin but do no damage. You hit the goblin.
The goblin is heavily wounded.
The goblin hits you with a +0 club.
You are feeling hungry.
You hit the goblin.
You kill the goblin!
The kobold throws a stone.
The stone hits you.
A leopard gecko comes into view.
The orc hits you with a +2 dagger of electrocution.
You are too injured to fight recklessly!
You are too injured to fight recklessly!
You are too injured to fight recklessly!
You are too injured to fight recklessly!
You are too injured to fight recklessly!
The kobold throws a stone.
The stone hits you but does no damage.
Casting: Infusion (safe; 9% risk of failure)
Confirm with . or Enter, or press ? or * to list all spells.
You miscast Infusion.
You are very lightly contaminated with residual magic.
Nothing appears to happen.
The orc hits you with a +2 dagger of electrocution.
You hit the orc but do no damage.
The orc hits you with a +2 dagger of electrocution.
You hit the orc but do no damage. Your bite misses the orc.
The orc closely misses you.
You closely miss the orc. The orc barely misses you.
Casting: Infusion (safe; 9% risk of failure)
Confirm with . or Enter, or press ? or * to list all spells.
You begin infusing your attacks with magical energy.
The orc closely misses you.
Unknown command.
You barely miss the orc. You barely miss the orc.
The leopard gecko hisses angrily.
You bite the orc, but do no damage. The orc barely misses you.
Press: ? - help, v - describe, . - travel
Here: an orc, wielding a +2 dagger of electrocution and wearing a +0 scale mail You closely miss the orc.
The orc barely misses you.
You hit the orc.
The orc is lightly wounded.
The orc hits you but does no damage.
You are electrocuted!!
Ouch! That really hurt!
You die...

#l #.. .. .. o#
.# ####K#.#.##
#.@oo......
###.##.....##
#.<........#
#.....#.##..[..#
#.#####.# #.#.##
#.# .#.# #.. ..
. ### ## #


You could see 2 orcs and a kobold.

Vanquished Creatures
  A worm (D:1)
  A dart slug (D:1)
  5 leopard geckos (D:1)
  2 ball pythons (D:1)
  4 bats (D:1)
  A giant cockroach (D:1)
  4 goblins
  A hobgoblin (D:1)
  5 kobolds (D:1)
  3 rats (D:1)
27 creatures vanquished.

Notes
Turn   | Place    | Note
-------+----------+-------------------------------------------
     0 | D:1      | MisterOstroum the Vine Stalker Skald began the quest for
                  | the Orb.
     0 | D:1      | Reached XP level 1. HP: 12/12 MP: 4/4
   135 | D:1      | Reached XP level 2. HP: 15/17 MP: 6/6
   365 | D:1      | Reached XP level 3. HP: 12/21 MP: 5/7
   903 | D:2      | Mangled by an orc

Skill      XL: |  1 |
---------------+----+-----
Fighting       | 2 |  2.4
Polearms       | 2 |  2.4
Armour         | |  0.7
Dodging        | |  2.0
Spellcasting   | |  2.4
Charms         | |  3.2

Action                   || total
-------------------------++-------
Melee: Spear             ||   127
       Bite              ||     8
Throw: Stone             ||     1
 Cast: Infusion          ||     8
  Use: Scroll            ||     3
 Stab: Sleeping          ||     1
  Eat: Chunk             ||     3
Armor: Leather armour    ||    19
Dodge: Dodged            ||    68
